 Dungeon Crawl Stone Soup version 0.23.2-1-ga50397a6bc (webtiles) character file.

Game seed: 17021861139715144818

153 Mrkan the Ruffian (level 5, -5/75 HPs)
             Began as a Troll Berserker on May 22, 2019.
             Was a Believer of Trog.
             Slain by a gnoll
             ... wielding a +0 halberd
              (15 damage)
             ... on level 3 of the Dungeon.
             The game lasted 00:02:56 (1493 turns).

Mrkan the Ruffian (Troll Berserker)                 Turns: 1493, Time: 00:02:56

Health: -5/75      AC:  6    Str: 30    XL:     5   Next: 12%
Magic:  4/4        EV: 10    Int:  3    God:    Trog [**....]
Gold:   77         SH:  0    Dex: 10    Spells: 4/4 levels left

rFire    . . .     SeeInvis .     - Unarmed
rCold    . . .     Gourm    +   (no shield)
rNeg     . . .     Faith    .   a - +0 animal skin
rPois    .         Spirit   .   (helmet restricted)
rElec    .         Reflect  .   (no cloak)
rCorr    .         Harm     .   (gloves unavailable)
MR       .....                  (boots unavailable)
Stlth    ..........             (no amulet)
HPRegen  0.62/turn              (no ring)
MPRegen  0.09/turn              (no ring)

@: berserking, very quick
A: large, unfitting armour, claws 3, fast metabolism 3, gourmand, regeneration
1, shaggy fur 1, tough skin 3
a: Berserk, Trog's Hand, Renounce Religion


You were on level 3 of the Dungeon.
You worshipped Trog.
Trog was pleased with you.
You were very full.

You visited 1 branch of the dungeon, and saw 3 of its levels.

You collected 77 gold pieces.

Inventory:

Hand Weapons
 i - a +2 trident of protection
Armour
 a - a +0 animal skin (worn)
Scrolls
 e - 3 scrolls of identify {unknown}
 j - 2 scrolls of teleportation {unknown}
 k - 2 scrolls of enchant weapon {unknown}
 m - a scroll of amnesia {unknown}
Potions
 c - a potion of degeneration {unknown}
 d - a potion of might {unknown}
 f - a potion of haste {unknown}
 g - a potion of curing {unknown}
 h - a potion of agility
 l - a potion of lignification {unknown}
Comestibles
 b - 6 rations


   Skills:
 - Level 2.4 Fighting
 - Level 2.4 Dodging
 * Level 5.9 Unarmed Combat


You had 4 spell levels left.
You didn't know any spells.
Your spell library was empty.

Dungeon Overview and Level Annotations

Branches:
Dungeon (3/15)

Altars:


Innate Abilities, Weirdness & Mutations

You are too large for most types of armour.
You have claws for hands.
Your metabolism is lightning-fast.
You like to eat raw meat.
Your natural rate of healing is unusually fast.
You are covered in fur. (AC +1)
You have extremely tough skin. (AC +3)


Message History

The gnoll hits you with a +0 whip.
You barely miss the gnoll. Your claw misses the gnoll.
The gnoll is severely wounded.
The gnoll hits you from afar with a +0 halberd.
* * * LOW HITPOINT WARNING * * *
The gnoll hits you with a +0 whip.
* * * LOW HITPOINT WARNING * * *
A red film seems to cover your vision as you go berserk!
You feel yourself moving faster!
You feel mighty!
You feel a lot less full.
The gnoll hits you from afar with a +0 halberd!
* * * LOW HITPOINT WARNING * * *
The gnoll misses you.
You mangle the gnoll!!
You kill the gnoll!
Trog accepts your kill. The gnoll closely misses you.
Things that are here:
a +0 whip; a gnoll corpse You barely miss the gnoll.
The gnoll hits you with a +0 halberd!
You die... .# ##.# ...# #.. #gg

#g# #g# #@#
# ##.##
###.#
##...##....#
#...[......#
#.....#.##.+
#.....#.#
##....#.#
##.#.#.#
#.#.#.#


You could see 3 gnolls and a hobgoblin.

Vanquished Creatures
  An orc wizard (D:3)
  Jessica (D:2)
  2 adders (D:2)
  A gnoll (D:3)
  An ooze (D:1)
  2 worms (D:2)
  A leopard gecko (D:1)
  3 orcs (D:3)
  3 giant cockroaches
  7 goblins
  5 hobgoblins
  9 jackals
  7 kobolds
  2 bats (D:2)
  2 frilled lizards
  8 rats
55 creatures vanquished.

Notes
Turn   | Place    | Note
-------+----------+-------------------------------------------
     0 | D:1      | Mrkan the Troll Berserker began the quest for the Orb.
     0 | D:1      | Reached XP level 1. HP: 22/22 MP: 0/0
   142 | D:1      | Reached XP level 2. HP: 29/29 MP: 1/1
   289 | D:1      | Reached skill level 4 in Unarmed Combat
   432 | D:1      | Reached XP level 3. HP: 33/36 MP: 2/2
   441 | D:1      | Reached ** piety under Trog
   809 | D:2      | Noticed Jessica
   820 | D:2      | Killed Jessica
   820 | D:2      | Reached skill level 5 in Unarmed Combat
   820 | D:2      | Reached XP level 4. HP: 44/44 MP: 3/3
  1404 | D:3      | Reached XP level 5. HP: 45/50 MP: 4/4
  1493 | D:3      | Slain by a gnoll

Skill      XL: |  1  2  3 |
---------------+----------+-----
Unarmed Combat | 4 5 |  5.9
Fighting       | |  2.4
Dodging        | |  2.4

Action                   |  1- 3 |  4- 6 || total
-------------------------+-------+-------++-------
Melee: Unarmed           |    92 |    60 ||   152
       Punch             |       |     1 ||     1
Invok: Berserk           |       |     1 ||     1
 Stab: Sleeping          |     1 |     1 ||     2
  Eat: Chunk             |    13 |     5 ||    18
Armor: Animal skin       |    29 |    18 ||    47
Dodge: Dodged            |    46 |    30 ||    76
